 Dungeon Crawl Stone Soup version 0.31.0-10-gcf4a605ca0 (webtiles) character file.

Game seed: 17161062780666422114

1458 Turgor the Mimic (level 8, -6/61 (68) HPs)
             Began as a Troll Shapeshifter on Jan 25, 2024.
             Was an Initiate of Wu Jian.
             Killed by divine providence
             ... invoked by an orc priest
              (13 damage)
             ... on level 6 of the Dungeon.
             The game lasted 00:14:58 (3438 turns).

Turgor the Mimic (Troll Shapeshifter)               Turns: 3438, Time: 00:15:00

HP:   -6/61 (68)    AC:  2    Str: 23    XL:     8   Next: 47%
MP:   7/7           EV: 13    Int:  6    God:    Wu Jian [......]
Gold: 235           SH:  0    Dex: 11    Spells: 5/7 levels left

rFire   . .          .
                       - Unarmed
rCold   . . .        x - melded +0 kite shield
rNeg    . . .        j - melded +1 robe {rC+ rF+}
rPois   .            (helmet restricted)
rElec   .            (no cloak)
rCorr   +            (gloves unavailable)
SInv    .            (boots unavailable)
Will    .....        (no amulet)
Stlth   +            m - ring of resist corrosion
HPRegen 1.10/turn    (no ring)
MPRegen 0.10/turn

%: no passive effects
@: flux-form, glowing, heavily drained
A: glow, contaminating, large, unfitting armour, claws 3, regeneration 1, shaggy
fur 1, tough skin 1
a: Begin Untransformation, Renounce Religion


You were on level 6 of the Dungeon.
You worshipped Wu Jian.
Wu Jian was noncommittal.
You were something dangerously unstable.
You visited 2 branches of the dungeon, and saw 7 of its levels.

You collected 235 gold pieces.

Inventory:

Missiles
 e - 2 javelins (quivered)
 h - 56 stones
 w - 3 large rocks
Armour
 j - a +1 robe of resistance (melded)
 x - a +0 kite shield (melded)
Jewellery
 m - a ring of resist corrosion (left claw)
 q - a ring of ice
Talismans
 c - a beast talisman
 d - a flux talisman (active)
 z - a maw talisman
 C - a blade talisman
Wands
 k - a wand of iceblast (7)
Scrolls
 f - 3 scrolls of teleportation
 n - 2 scrolls of poison
 p - a scroll of enchant armour {unknown}
 r - a scroll of noise {unknown}
 u - a scroll of immolation {unknown}
 v - 2 scrolls of fear {unknown}
 y - a scroll of fog {unknown}
 A - a scroll of brand weapon {unknown}
 B - a scroll of enchant weapon {unknown}
Potions
 a - a potion of haste {unknown}
 b - 2 potions of lignification
 g - 3 potions of curing
 i - 5 potions of mutation {unknown}
 l - a potion of ambrosia
 o - 2 potions of invisibility
 s - a potion of resistance {unknown}
 t - a potion of brilliance {unknown}


   Skills:
 - Level 0.7 Fighting
 - Level 1.5 Dodging
 + Level 6.8 Unarmed Combat
 * Level 8.5 Shapeshifting


You had 5 spell levels left.
You knew the following spells:

 Your Spells              Type           Power      Damage    Failure   Level
a - Blink                 Tloc           0%         N/A       58%         2

Your spell library contained the following spells:

 Spells                   Type           Power      Damage    Failure   Level
 Magic Dart               Conj           0%         1d3       45%         1
 Call Imp                 Summ           0%         N/A       58%         2
 Inner Flame              Hex/Fire       0%         N/A       83%         3
 Ozocubu's Armour         Ice            0%         N/A       83%         3
 Flame Wave               Conj/Fire      0%         2d4       99%         4
 Sticky Flame             Fire/Alch      0%         2d4       99%         4
 Metabolic Englaciation   Hex/Ice        0%         N/A       100%        5
 Sculpt Simulacrum        Ice/Alch       0%         N/A       100%        6


Dungeon Overview and Level Annotations

Branches:
Dungeon (6/15)             Temple (1/1) D:5

Altars:
Ashenzari
Dithmenos
Elyvilon
Fedhas
Hepliaklqana
Kikubaaqudgha
Makhleb
Nemelex Xobeh
Okawaru
Ru
Sif Muna
Trog
Uskayaw
Vehumet
Wu Jian
Xom
Zin

Annotations:
D:3 1 runed translucent door, Crazy Yiuf


Innate Abilities, Weirdness & Mutations

You are something dangerously unstable.
You glow with magical radiation, making you easy to see and hit.
Foes you strike become dangerously contaminated with magical radiation.
You are incapable of wielding weapons or throwing items.
You are too large for most types of armour.
You have claws for hands.
Your natural rate of healing is unusually fast.
You are covered in fur. (AC +1)
You have tough skin. (AC +1)


Message History

The wight hits you from afar with a +2 spear!
You feel drained.
The wight hits you with a +0 short sword.
You feel drained.
You scratch the wight.
The wight glows dangerously bright.
The wight is moderately damaged.
Unknown command.
You scratch the wight but do no damage.
The wight shudders as magic cascades through it!!
You destroy the wight!
The Council accepts your kill. The wight misses you.
Unknown command.
You scratch the orc.
The orc begins to glow.
The orc is severely wounded.
The wight closely misses you. The orc hits you with a +0 dagger.
Unknown command.
You scratch the orc.
You kill the orc!
The Council accepts your kill.
The wight hits you from afar with a +2 spear!
You feel drained.
The orc priest begins to cast a cantrip, but forgets the words!
You barely miss the wight.
The wight hits you from afar with a +2 spear!
You feel drained.
The orc priest invokes the aid of Beogh against you.
Beogh smites you!
The orc priest mumbles some strange prayers to Beogh against you.
Beogh smites you!
* * * LOW HITPOINT WARNING * * *
Unknown command.
You feel better.
The wight hits you from afar with a +2 spear!
* * * LOW HITPOINT WARNING * * *
You feel drained.
* * * LOW HITPOINT WARNING * * *
The orc priest calls down the wrath of Beogh upon you.
Beogh smites you!
You die...

.....##........#
+........#
#...##..######
#...##..##...# .
........†....# ..
.............##...
..................
#.................
#...##.##zp..##...
#... #. ##z### ...
..


ooz .. ... ..... ... ....... ...(..$## ........# !........[ You could see 3
wights, an orc priest and an orc.

Vanquished Creatures
  Pikel (D:5)
  Menkaure (D:5)
  2 ogres
  A phantom (D:4)
  Blork the orc (D:5)
  A scorpion (D:6)
  A wight (D:6)
  5 hounds
  2 jellies
  An orc priest (D:4)
  An orc wizard (D:5)
  Robin (D:3)
  4 gnolls
  3 adders
  2 dart slugs (D:1)
  4 ribbon worms
  17 orcs
  6 ball pythons
  5 bats
  9 endoplasms
  4 giant cockroaches
  16 goblins
  9 hobgoblins
  2 jackals (D:3)
  4 kobolds
  A quokka (D:1)
  3 frilled lizards
  7 rats
114 creatures vanquished.

Notes
Turn   | Place    | Note
-------+----------+-------------------------------------------
     0 | D:1      | Turgor the Troll Shapeshifter began the quest for the Orb.
     0 | D:1      | Reached XP level 1. HP: 18/18 MP: 0/0
   100 | D:1      | Reached XP level 2. HP: 26/26 MP: 1/1
   449 | D:1      | Reached XP level 3. HP: 32/32 MP: 2/2
   681 | D:2      | Reached skill level 4 in Shapeshifting
  1185 | D:3      | Reached XP level 4. HP: 39/40 MP: 3/3
  1198 | D:3      | Identified the +3 helmet "Cyschay" {Rampage rC+ Will++
                  | Str-4}
  1198 | D:3      | Noticed Robin
  1212 | D:3      | Killed Robin
  1480 | D:3      | Found a burning altar of Makhleb.
  1836 | D:3      | Found a runed translucent door.
  1837 | D:3      | Noticed Crazy Yiuf
  1904 | D:4      | Reached XP level 5. HP: 34/46 MP: 4/4
  1986 | D:4      | Noticed an ogre
  1990 | D:4      | Reached skill level 5 in Shapeshifting
  2003 | D:4      | Killed an ogre
  2004 | D:4      | Reached XP level 6. HP: 42/54 MP: 5/5
  2425 | D:4      | Reached skill level 5 in Unarmed Combat
  2425 | D:4      | Reached skill level 6 in Shapeshifting
  2756 | D:5      | Entered Level 5 of the Dungeon
  2758 | D:5      | Noticed Menkaure
  2762 | D:5      | Killed Menkaure
  2763 | D:5      | Reached XP level 7. HP: 61/61 MP: 6/6
  2775 | D:5      | Found a staircase to the Ecumenical Temple.
  2786 | Temple   | Entered the Ecumenical Temple
  2794 | Temple   | Became a worshipper of the Wu Jian Council
  2863 | D:5      | Noticed Blork the orc
  2868 | D:5      | Killed Blork the orc
  2983 | D:5      | Noticed Pikel
  2993 | D:5      | Killed Pikel
  2994 | D:5      | Reached skill level 7 in Shapeshifting
  2994 | D:5      | Reached XP level 8. HP: 29/68 MP: 7/7
  3136 | D:5      | Learned a level 2 spell: Blink
  3184 | D:5      | Reached skill level 8 in Shapeshifting
  3438 | D:6      | Killed from afar by an orc priest

Illustrated notes

Levels and vault maps discovered:
D:1:      dpeg_arrival_long_road, layout_basic
D:2:      layout_loops_ring, chequers_serial_rivers_micro_d,
          minmay_quadrilaterals
D:3:      layout_loops_ring, bloody_makhleb, uniq_crazy_yiuf_cottage, uniq_robin
D:4:      minmay_recursive_quarters, layout_loops_ring
D:5:      layout_loops_ring, temple_pool_b, serial_park_tiny_pond,
          uniq_blork_the_orc, uniq_pikel, uniq_menkaure
D:6:      layout_gridville, amcnicky_mini_rare_corridor_liquid
Temple:   nicolae_temple_x_marks_the_god

Skill      XL: |  1  2  3  4  5  6  7  8 |
---------------+-------------------------+-----
Shapeshifting  | 4 5 6 7 8 |  8.5
Unarmed Combat | 4 5 6 |  6.8
Fighting       | |  0.7
Dodging        | |  1.5

Action                     |  1- 3 |  4- 6 |  7- 9 || total
---------------------------+-------+-------+-------++-------
  Melee: Unarmed           |    83 |   127 |    54 ||   264
         Punch             |     1 |     3 |       ||     4
  Throw: Javelin           |       |     2 |     2 ||     4
Ability: Lunge             |       |       |     5 ||     5
    Use: Scroll            |       |       |     6 ||     6
         Potion            |       |       |     1 ||     1
   Stab: Sleeping          |     3 |     1 |     1 ||     5
         Distracted        |       |       |     1 ||     1
 Armour: Animal skin       |    11 |       |       ||    11
         Robe              |    31 |    70 |    25 ||   126
         Skin              |       |       |     8 ||     8
  Dodge: Dodged            |    23 |    36 |    14 ||    73
  Block: Kite shield       |       |    17 |     8 ||    25
   Form: Flux              |       |       |     1 ||     1
